 Dungeon Crawl Stone Soup version 0.23.2-30-g0e89c35649 (webtiles) character file.

Game seed: 4400917886011941123

88 Hivemind the Chopper (level 4, -3/39 HPs)
             Began as a Minotaur Berserker on June 10, 2019.
             Was a Believer of Trog.
             Slain by Sigmund
             ... wielding a +1 scythe of venom
              (7 damage)
             ... on level 3 of the Dungeon.
             The game lasted 00:06:11 (2092 turns).

Hivemind the Chopper (Minotaur Berserker)           Turns: 2092, Time: 00:06:11

Health: -3/39      AC:  8    Str: 22    XL:     4   Next: 29%
Magic:  3/3        EV:  5    Int:  4    God:    Trog [**....]
Gold:   133        SH:  7    Dex: 10    Spells: 3/3 levels left

rFire    . . .     SeeInvis .   a - +0 hand axe
rCold    . . .     Gourm    .   o - +0 shield
rNeg     . . .     Faith    .   p - +0 chain mail
rPois    .         Spirit   .   (helmet restricted)
rElec    .         Reflect  .   (no cloak)
rCorr    .         Harm     +   (no gloves)
MR       .....     Rnd*Tele +   (no boots)
Stlth    ..........             q - amulet of harm
HPRegen  0.13/turn              k - ring of teleportation (curse)
MPRegen  0.08/turn              (no ring)

@: lethally poisoned (-3 -> -33), berserk cooldown, slowed, very slow
A: retaliatory headbutt, horns 2
a: Berserk, Trog's Hand, Renounce Religion


You were on level 3 of the Dungeon.
You worshipped Trog.
Trog was pleased with you.
You were near starving.

You visited 1 branch of the dungeon, and saw 3 of its levels.

You collected 133 gold pieces.

Inventory:

Hand Weapons
 a - a +0 hand axe (weapon)
Missiles
 d - 31 stones
 l - 6 silver javelins (quivered)
Armour
 b - a +0 animal skin
 o - a +0 shield (worn)
 p - a +0 chain mail (worn)
Jewellery
 k - a cursed ring of teleportation (left hand)
 q - an amulet of harm (around neck)
Scrolls
 e - 2 scrolls of enchant armour {unknown}
 h - 3 scrolls of enchant weapon {unknown}
 j - 4 scrolls of remove curse {unknown}
 m - 3 scrolls of identify {unknown}
 r - 2 scrolls of teleportation {unknown}
 s - a scroll of fear {unknown}
 t - a scroll of blinking {unknown}
 u - a scroll of noise {unknown}
 v - a scroll of amnesia {unknown}
Potions
 f - a potion of haste {unknown}
 g - a potion of mutation {unknown}
 i - 6 potions of curing {unknown}
 n - a potion of berserk rage {unknown}
Comestibles
 c - a ration


   Skills:
 - Level 3.6 Fighting
 + Level 6.2 Axes
 - Level 2.4 Armour
 - Level 2.1 Dodging


You had 3 spell levels left.
You didn't know any spells.
Your spell library was empty.

Dungeon Overview and Level Annotations

Branches:
Dungeon (3/15)

Altars:

Annotations:
D:3 Sigmund


Innate Abilities, Weirdness & Mutations

You reflexively headbutt those who attack you in melee.
You have a pair of horns on your head.


Message History

You are too injured to fight recklessly!
Your chain mail prevents you from hitting Sigmund.
Sigmund is severely wounded.
You feel less confused.
You feel very sick. Sigmund hits you but does no damage.
You are more poisoned.
You hit Sigmund but do no damage. You headbutt Sigmund, but do no damage.
Sigmund is severely wounded.
* * * LOW HITPOINT WARNING * * *
You feel very sick.
Sigmund hits you with a +1 scythe of venom.
* * * LOW HITPOINT WARNING * * *
You are more poisoned.
You closely miss Sigmund.
Sigmund is severely wounded.
* * * LOW HITPOINT WARNING * * *
You feel very sick.
Sigmund hits you with a +1 scythe of venom.
You die...

#.###.............#
#.................#
#####..............#
#..................#
#.##..#............#
#.##............#
#.##........#####
#...........####
.#####...†@.....#
.........@......#
#####..........[#
#.#.........#
#.#.##......#
####...##########
+..........†....#
######....†.....#
###..........#


You could see Sigmund.

Vanquished Creatures
  3 adders
  An ooze (D:2)
  A worm (D:3)
  A dart slug (D:1)
  6 bats
  6 giant cockroaches
  3 goblins
  5 hobgoblins
  6 jackals
  7 kobolds
  A ball python (D:1)
  5 frilled lizards
  6 rats
51 creatures vanquished.

Notes
Turn   | Place    | Note
-------+----------+-------------------------------------------
     0 | D:1      | Hivemind the Minotaur Berserker began the quest for the
                  | Orb.
     0 | D:1      | Reached XP level 1. HP: 19/19 MP: 0/0
   111 | D:1      | Reached skill level 4 in Axes
   208 | D:1      | Reached XP level 2. HP: 26/26 MP: 1/1
  1144 | D:2      | Reached skill level 5 in Axes
  1149 | D:2      | Reached XP level 3. HP: 19/31 MP: 2/2
  1483 | D:2      | Found a faded altar of an unknown god.
  1496 | D:2      | Reached ** piety under Trog
  1808 | D:3      | Reached XP level 4. HP: 39/39 MP: 3/3
  1810 | D:3      | Reached skill level 6 in Axes
  2063 | D:3      | Noticed Sigmund
  2092 | D:3      | Slain by Sigmund

Skill      XL: |  1  2  3  4 |
---------------+-------------+-----
Axes           | 4 5 6 |  6.2
Fighting       | |  3.6
Armour         | |  2.4
Dodging        | |  2.1

Action                   |  1- 3 |  4- 6 || total
-------------------------+-------+-------++-------
Melee: Hand axe          |    74 |    48 ||   122
       Headbutt          |     9 |     5 ||    14
Invok: Berserk           |     1 |     1 ||     2
  Eat: Chunk             |     3 |     1 ||     4
Armor: Animal skin       |     7 |       ||     7
       Chain mail        |    30 |    26 ||    56
Dodge: Dodged            |    25 |     9 ||    34
Block: Shield            |    19 |    18 ||    37
